 Dungeon Crawl Stone Soup version 0.18-a0-844-g9229740 (webtiles) character file.

110 deanyohobro the Sneak (level 4, -1/29 HPs)
             Began as an Octopode Assassin on Dec 18, 2015.
             Slain by a worker ant (5 damage)
             ... on level 3 of the Dungeon.
             The game lasted 00:08:18 (1879 turns).

deanyohobro the Sneak (Octopode Assassin)           Turns: 1879, Time: 00:08:18

Health: -1/29      AC:  1    Str: 10    XL:     4   Next: 91%
Magic:  4/4        EV: 12    Int: 13    God:
Gold:   152        SH:  0    Dex: 14    Spells: 0 memorised, 3 levels left

rFire  . . .     SeeInvis .     b - +0 blowgun
rCold  . . .     Gourm    .     (no shield)
rNeg   . . .     Faith    .     (helmet restricted)
rPois  .         Spirit   .     (no amulet)
rElec  .         Dismiss  .     k - ring of wizardry
rCorr  .         Reflect  .     (no ring)
SustAt .         Harm     .     (no ring)
MR     .....                    (no ring)
Stlth  +++++.....               (no ring)
                                (no ring)
                                (no ring)
                                (no ring)

@: lethally poisoned (-1 -> -9), not resistant to hostile enchantments, quite
stealthy
A: almost no armour, amphibious, 8 rings, constrict 8, camouflage 1, gelatinous
body 1
a: no special abilities


You were on level 3 of the Dungeon.
You were not hungry.

You visited 1 branch of the dungeon, and saw 3 of its levels.

You collected 152 gold pieces.

Inventory:

Hand Weapons
 a - a +2 dagger
 b - a +0 blowgun (weapon)
 r - a +0 dagger of venom
 v - a cursed -2 short sword
Missiles
 c - 25 poisoned needles
 d - a curare-tipped needle (quivered)
 w - 15 poisoned arrows
Jewellery
 k - a ring of wizardry (left tentacle)
Wands
 p - a wand of polymorph (14)
Scrolls
 h - a scroll of enchant weapon {unknown}
 i - a scroll of identify {unknown}
 j - a scroll of amnesia {unknown}
 n - 2 scrolls of blinking {unknown}
 q - a scroll of remove curse {unknown}
 s - a scroll of enchant armour {unknown}
 t - a scroll of fear {unknown}
Potions
 e - a potion of heal wounds
 g - a potion of flight {unknown}
 m - a potion of mutation {unknown}
 x - a potion of lignification {unknown}
Comestibles
 f - 4 bread rations
 l - 9 fruits
 o - a meat ration
 u - 10 chunks of flesh


   Skills:
 - Level 2.0 Fighting
 + Level 2.8 Short Blades
 + Level 2.0 Throwing
 + Level 2.0 Dodging
 + Level 7.2 Stealth


You had 3 spell levels left.
You didn't know any spells.

Dungeon Overview and Level Annotations

Branches:
Dungeon (3/15)

Altars:

Annotations:
D:3 Sigmund


Innate Abilities, Weirdness & Mutations

You cannot wear most types of armour.
You are amphibious.
You can wear up to eight rings at the same time.
You can use your tentacles to constrict eight enemies at once.
Your skin changes colour to match your surroundings (Stealth).
Your rubbery body absorbs attacks (AC +1).


Message History

The worker ant poisons you!
Some of the chunks of flesh in your inventory have rotted away.
You clumsily bash the worker ant but do no damage.
You squeeze the worker ant.
The worker ant is heavily wounded.
You feel sick. The worker ant bites you! The worker ant bites you.
Sigmund casts a spell.
Sigmund flickers and vanishes!
Deactivating autopickup; reactivate with Ctrl-A.
A goblin comes into view. It is wielding a club.
The worker ant barely misses you.
You hear some strange, mumbled words.
A puff of flame appears from out of thin air!
The puff of flame misses you.
A goblin comes into view. It is wielding a club.
You feel less confused.
You feel sick. The worker ant barely misses you. Something hits you!
* * * LOW HITPOINT WARNING * * *
The worker ant bites you.
You die...

....#............##
#...>......###....
#.............<.#
########.......##.....#
#..............##.....#
#...............#.....#
..#..........###..#.#.###
.((g.........###......# #
......{a@...........#####
..............#...÷......
.g............##......##.
.##...........##..)...##.
#..............)†##....
............)..(..)...).
####.#####........)#####
#. .......##..÷...# #
..#.#.###.####..


You could see a worker ant and 2 goblins.

Vanquished Creatures
  An orc wizard (D:3)
  3 adders
  A worm (D:3)
  A giant gecko (D:1)
  4 orcs (D:3)
  4 bats
  3 hobgoblins
  6 jackals
  5 kobolds
  A quokka (D:2)
  2 giant cockroaches
  4 giant newts
  8 goblins
  3 rats (D:3)
46 creatures vanquished.

Notes
Turn   | Place    | Note
--------------------------------------------------------------
     0 | D:1      | deanyohobro the Octopode Assassin began the quest for the Orb.
     0 | D:1      | Reached XP level 1. HP: 14/14 MP: 1/1
   367 | D:1      | Reached XP level 2. HP: 10/19 MP: 2/2
   663 | D:1      | Reached skill level 6 in Stealth
  1055 | D:2      | Reached XP level 3. HP: 24/24 MP: 3/3
  1670 | D:3      | Reached XP level 4. HP: 29/29 MP: 4/4
  1681 | D:3      | Reached skill level 7 in Stealth
  1840 | D:3      | Found a faded altar to an unknown god.
  1869 | D:3      | Noticed Sigmund
  1879 | D:3      | Slain by a worker ant

Vault maps used:
D:1:      eino_arrival_cavern_e, roderic_roman_lattice
D:2:      first_bread
D:3:      ecumenical_altar_2, uniq_sigmund, uniq_natasha

Action                   |  1- 3 |  4- 6 || total
-------------------------+-------+-------++-------
Melee: Dagger            |    35 |    16 ||    51
       Blowgun           |       |     1 ||     1
 Fire: Blowgun           |    36 |    16 ||    52
  Use: Scroll            |     1 |       ||     1
       Potion            |       |     2 ||     2
 Stab: Sleeping          |    19 |     1 ||    20
  Eat: Chunk             |     2 |     1 ||     3
